 Dungeon Crawl Stone Soup version 0.31-a0-75-g6fe912e8c5 (webtiles) character file.

Game seed: 10168138493615076727

3396 lunkers the Geomancer (level 10, 0/73 HPs)
             Began as a Meteoran Wanderer on May 23, 2023.
             Slain by a cane toad (8 damage)
             ... on level 1 of the Lair of Beasts on May 24, 2023.
             The game lasted 00:11:51 (3446 turns).

lunkers the Geomancer (Meteoran Wanderer)           Turns: 3446, Time: 00:11:51

Health: 0/73       AC: 11    Str: 11    XL:     10   Next: 48%
Magic:  22/22      EV: 11    Int: 20    God:
Gold:   225        SH:  5    Dex: 18    Spells: 18/24 levels left

rFire   . . .        a - +2 dagger
rCold   . . .        E - sphere of Battle
rNeg    . . .        C - +0 robe of Contentment {Rampage rPois Dex+3 Archmagi}
rPois   +            n - +1 helmet
rElec   .            (no cloak)
rCorr   .            (no gloves)
SInv    .            i - +2 pair of boots
Will    +....        l - amulet of reflection
Stlth   +            v - +4 ring of slaying
HPRegen 0.32/turn    s - +4 ring of protection
MPRegen 0.18/turn

%: reflection, rampage, archmagi
@: lethally poisoned (0 -> -18), glowing
A: sense surroundings 2, otherworldly, glowing, explore regen
a: no special abilities


You were on level 1 of the Lair of Beasts.
You visited 2 branches of the dungeon, and saw 9 of its levels.

You collected 225 gold pieces.

Inventory:

Hand Weapons
 a - a +2 dagger (weapon)
 A - a +4 heavy morningstar
Missiles
 b - 4 curare-tipped darts
 f - 4 poisoned darts
 j - 5 datura-tipped darts
Armour
 c - a +0 buckler
 e - a +0 robe
 i - a +2 pair of boots (worn)
 n - a +1 helmet (worn)
 C - the +0 robe of Contentment (worn) {Rampage rPois Dex+3 Archmagi}
   (You took it off a gnoll sergeant on level 8 of the Dungeon)

   Dex:       It affects your dexterity (+3).
   rPois:     It protects you from poison.
   Rampage:   It bestows one free step when moving towards enemies.
   Archmagi:  It increases the power of your magical spells.
 D - the +4 ring mail "Runoigef" {-Tele Int+5 Dex+2}
   (You found it on level 8 of the Dungeon)

   Int:       It affects your intelligence (+5).
   Dex:       It affects your dexterity (+2).
   -Tele:     It prevents most forms of teleportation.
 E - the sphere of Battle (worn)
   (You found it on level 8 of the Dungeon)

   It enhances your destructive magic.
   It weakens your non-destructive magic.
   It summons a battlesphere in combat, with strength depending on Conjurations
   skill.
Jewellery
 g - an amulet of magic regeneration
 l - an amulet of reflection (around neck)
 m - a +6 ring of strength
 q - a ring of positive energy
 s - a +4 ring of protection (right hand)
 v - a +4 ring of slaying (left hand)
 y - a ring of resist corrosion
Wands
 o - a wand of paralysis (13)
 F - a wand of flame (8)
Scrolls
 h - 3 scrolls of poison
 w - a scroll of torment {unknown}
 z - a scroll of enchant armour
 B - a scroll of blinking {unknown}
Potions
 d - 2 potions of attraction
 k - 2 potions of berserk rage
 p - a potion of haste {unknown}
 r - 3 potions of heal wounds
 t - 4 potions of curing
 u - 2 potions of magic
 x - 2 potions of mutation


   Skills:
 - Level 2.1 Fighting
 - Level 3.6 Throwing
 - Level 1.2 Armour
 - Level 2.4 Shields
 + Level 7.5 Spellcasting
 * Level 10.3 Conjurations
 * Level 10.7 Earth Magic


You had 18 spell levels left.
You knew the following spells:

 Your Spells              Type           Power      Damage    Failure   Level
a - Sandblast             Erth           100%       2d20      1%          1
b - Stone Arrow           Conj/Erth      100%       3d13      1%          3
c - Passwall              Tmut/Erth      20%        N/A       2%          2

Your spell library contained the following spells:

 Spells                   Type           Power      Damage    Failure   Level
 Shock                    Conj/Air       100%       1d9       1%          1
 Swiftness                Air            7%         N/A       26%         3
 Airstrike                Air            8%         2d(2-18)  65%         4


Dungeon Overview and Level Annotations

Branches:
Dungeon (8/15) Zot: 1270     Lair (1/5) D:8 Zot: 567
 Temple: D:4-7

Altars:
Ashenzari
Hepliaklqana
Nemelex Xobeh
Okawaru

Shops:
D:3 !   D:6 *   D:7 =

Annotations:
D:7 3 runed translucent doors, bchevrier's ghost, novice GnWn


Innate Abilities, Weirdness & Mutations

You passively map the area around you.
You are easily found by Zot.
You glow in the dark.
You regain HP and MP as you explore.


Message History

a -2 spear of venom; a +0 animal skin; the gnoll corpse of Grum A sourceless malevolence fills the Lair of Beasts... and a teleportation trap spontaneously manifests!
You are yanked towards some nearby monsters!
Your surroundings suddenly seem different. 4 yaks come into view.
The yak bellows! x3; You hear a croak.
A cane toad comes into view.
A yak comes into view.
The yak bellows!
Found a smoky clear potion.
The cane toad attacks as you move away! The cane toad stings you!
You are poisoned.
The cane toad poisons you!
You feel very sick.
You feel very sick. The yak gores your battlesphere!
You feel very sick. The cane toad attacks as you move away!
The cane toad stings you!
* * * LOW HITPOINT WARNING * * *
You feel sick.
Aiming: Sandblast (safe; 1% risk of failure)
Press: ? - help, Q - select action, (/) - cycle Shift-Dir - straight line, f - cane toad
Aim: a cane toad (87% to hit)
You feel a strong surge of power!
The blast of sand hits the cane toad.
The cane toad is lightly wounded.
You feel very sick.
A barrage of energy appears from out of your range of vision.
The barrage of energy hits the yak.
The yak is lightly wounded.
The cane toad closely misses you. The cane toad stings you!
* * * LOW HITPOINT WARNING * * *
You are lethally poisoned!
The cane toad poisons you!
Unknown command.
As you read the scroll labelled GOFUMIGGIC, it crumbles to dust.
It is a scroll of enchant armour.
Your +0 helmet glows green for a moment.
* * * LOW HITPOINT WARNING * * *
You feel very sick. The cane toad stings you!
You die...

#...#.....
,...#..
#....#####
..,##+
##......!.,
, , .
#.........
, ..
#...Y.....
, ...
##YY......,
, ,
#.*#.##P+ ,
, #FY......
*
#@Y......,
#.........,
*
##..P.....
, *
#..#.....,
#..#..... ,
* #........
,, *P..P
P..#* ,
#.... ...
,, , * , ,
,, ,, *


You could see 5 yaks, a cane toad and a friendly battlesphere.

Vanquished Creatures
  A tengu conjurer (D:8)
  A wyvern (D:7)
  Grum (Lair:1)
  A steam dragon (D:6)
  4 black bears
  3 orc warriors
  2 ice beasts
  3 wolves (D:8)
  3 centaurs
  6 bullfrogs
  2 gnoll sergeants (D:8)
  3 scorpions
  3 killer bees (D:4)
  A howler monkey (D:8)
  2 jellies
  An orc priest (D:8)
  2 hounds
  A sleepcap (D:6)
  4 orc wizards
  Robin (D:3)
  12 gnolls
  7 adders
  2 shadow imps (D:6)
  2 white imps (D:5)
  A worm (D:3)
  2 dart slugs
  12 orcs
  7 endoplasms
  3 giant cockroaches
  7 goblins
  6 hobgoblins
  3 quokkas
  8 ball pythons
  4 bats
  2 frilled lizards
  3 kobolds
  3 rats (D:1)
129 creatures vanquished.

Notes
Turn   | Place    | Note
-------+----------+-------------------------------------------
     0 | D:1      | lunkers the Meteoran Wanderer began the quest for the Orb.
     0 | D:1      | lunkers set off with the following items: a +2 dagger, 4
                  | curare-tipped darts, a +0 buckler, a potion of attraction,
                  | a +0 robe; and the following spell memorised: Sandblast;
                  | and the following spells available to memorise: Stone
                  | Arrow.
     0 | D:1      | Reached XP level 1. HP: 17/17 MP: 3/3
   216 | D:1      | Found a faded altar of an unknown god.
   239 | D:1      | Reached XP level 2. HP: 24/24 MP: 3/5
   487 | D:1      | Glimpsed the power of Zot.
   619 | D:2      | Reached XP level 3. HP: 29/29 MP: 5/7
   623 | D:2      | Learned a level 3 spell: Stone Arrow
   691 | D:2      | Reached skill level 1 in Conjurations
   791 | D:2      | Reached XP level 4. HP: 36/36 MP: 6/8
   972 | D:3      | Reached XP level 5. HP: 25/41 MP: 3/10
  1066 | D:3      | Noticed Robin
  1071 | D:3      | Killed Robin
  1179 | D:3      | Found Poemnax's Distillery.
  1304 | D:3      | Found a broken altar of Ashenzari.
  1305 | D:3      | Found a sparkling altar of Nemelex Xobeh.
  1418 | D:4      | Found an iron altar of Okawaru.
  1557 | D:5      | Entered Level 5 of the Dungeon
  1565 | D:4      | Reached XP level 6. HP: 40/48 MP: 7/11
  1568 | D:4      | Learned a level 2 spell: Passwall
  1578 | D:4      | Reached skill level 5 in Earth Magic
  1643 | D:5      | Reached XP level 7. HP: 44/55 MP: 8/13
  1669 | D:5      | Reached skill level 5 in Conjurations
  1767 | D:6      | Reached XP level 8. HP: 61/61 MP: 13/15
  1869 | D:6      | Noticed a steam dragon
  1874 | D:6      | Killed a steam dragon
  1889 | D:6      | Found Loiniug's Evil Emporium.
  1925 | D:6      | Reached skill level 5 in Spellcasting
  2290 | D:7      | Gained mutation: You passively map the area around you.
                  | [Meteoran growth]
  2290 | D:7      | Reached XP level 9. HP: 48/67 MP: 1/17
  2396 | D:7      | Identified the +0 leather armour of the Serpent {*Corrode
                  | Int+4 Dex+6}
  2433 | D:7      | Found a runed translucent gate.
  2433 | D:7      | Noticed bchevrier's ghost (novice GnWn)
  2434 | D:7      | Found a runed translucent gate.
  2434 | D:7      | Found a runed translucent gate.
  2589 | D:7      | Found a hazy altar of Hepliaklqana.
  2653 | D:7      | Found Tothagg Jyqu's Jewellery Emporium.
  2938 | D:8      | Identified the +0 robe of Contentment {Rampage rPois Dex+3
                  | Archmagi}
  2941 | D:8      | Reached XP level 10. HP: 58/73 MP: 17/21
  3047 | D:8      | Reached skill level 10 in Earth Magic
  3047 | D:8      | Found a staircase to the Lair.
  3053 | D:8      | Identified the +4 ring mail "Runoigef" {-Tele Int+5 Dex+2}
  3309 | D:8      | Found the sphere of Battle
  3311 | D:8      | Noticed a tengu conjurer
  3315 | D:8      | Killed a tengu conjurer
  3407 | Lair:1   | Entered Level 1 of the Lair of Beasts
  3407 | Lair:1   | Noticed Grum
  3416 | D:8      | Reached skill level 10 in Conjurations
  3422 | Lair:1   | Killed Grum
  3434 | Lair:1   | Noticed a cane toad
  3446 | Lair:1   | Slain by a cane toad

Illustrated notes

Levels and vault maps discovered:
D:1:      wander_arrival_lonely_grave, layout_basic,
          hellmonk_ecumenical_altar_pennies_from_heaven, hex_intersection,
          serial_bayou_ford_a
D:2:      layout_loops_ring
D:3:      layout_basic, nicolae_overflow_hidden_temple, serial_shops, shop,
          guppyfry_early_lair_pool, uniq_robin
D:4:      layout_loops_corners, okawaru_gym_becter, tgw_xom
D:5:      layout_cave_pools, minmay_temple_entry_poolview, serial_bayou_pond_d
D:6:      layout_loops_ring, nicolae_sextant, nicolae_evil_shop, uniq_grinder
D:7:      layout_loops_ring, mainiacjoe_overflow_surrounded_room,
          gammafunk_ghost_nasty_kobolds, serial_shops, shop,
          mrwooster_statue_mirror, serial_park_tiny_1
D:8:      layout_rooms, grunt_lair_entry_orc_guard_hut, hangedman_decor_lopped,
          minmay_misc_feat_tower, hellmonk_guarded_unrand_sphere_of_battle
Lair:1:   layout_regular_city, chequers_serial_rivers_micro_c,
          grunt_megastairs_1, infiniplex_staircase_pool, uniq_grum

Skill      XL: |  1  2  3  4  5  6  7  8  9 10 |
---------------+-------------------------------+-----
Earth Magic    | 2 3 4 5 6 7 9 10 | 10.7
Spellcasting   | 2 3 4 5 6 7 |  7.5
Conjurations   | 1 2 3 4 5 7 9 10 | 10.3
Fighting       | |  2.1
Throwing       | |  3.6
Armour         | |  1.2
Shields        | |  2.4

Action                     |  1- 3 |  4- 6 |  7- 9 | 10-12 || total
---------------------------+-------+-------+-------+-------++-------
  Melee: Dagger            |     2 |     3 |       |       ||     5
   Cast: Sandblast         |    34 |    69 |    92 |    21 ||   216
         Stone Arrow       |       |       |    13 |    14 ||    27
    Use: Scroll            |       |     3 |     5 |     1 ||     9
 Armour: Robe              |     3 |    17 |    47 |    10 ||    77
  Dodge: Dodged            |     1 |    17 |    37 |     8 ||    63
  Block: Buckler           |     1 |    34 |    59 |     4 ||    98
         Reflection        |       |     1 |    10 |     1 ||    12
         Orb               |       |       |       |     3 ||     3

Table legend: (Time is in decaauts)
 A = Elapsed time spent in this place.
 B = Non-inter-level travel time spent in this place.
 C = Inter-level travel time spent in this place.
 D = Time resting spent in this place.
 E = Time spent auto-exploring this place.
 F = Levels seen in this place.
 G = Mean time per level.
                   A        B        C        D        E       F      G
               +--------+--------+--------+--------+--------+-----+--------+
         Total |   3561 |   3273 |    288 |      0 |   2345 |   9 |  395.7 |
       Dungeon |   3529 |   3241 |    288 |      0 |   2338 |   8 |  441.1 |
          Lair |     31 |     31 |      0 |      0 |      7 |   1 |   31.0 |
               +--------+--------+--------+--------+--------+-----+--------+

Top non-repeatable levels by time:
     D:8: 589 daAuts
     D:6: 589 daAuts
     D:7: 588 daAuts
     D:1: 515 daAuts
     D:3: 466 daAuts
     D:2: 383 daAuts
     D:4: 288 daAuts
     D:5: 107 daAuts
  Lair:1: 31 daAuts
